 Dungeon Crawl Stone Soup version 0.32-a0-135-g14f8b2e (webtiles) character file.

Game seed: 3252466007320296434

16324 staltz the Martial Artist (level 12, 0/88 HPs)
             Began as a Djinni Shapeshifter on Feb 7, 2024.
             Was a Believer of Ashenzari.
             Slain by an elephant (11 damage)
             ... on level 1 of the Lair of Beasts on Feb 10, 2024.
             The game lasted 01:38:53 (16983 turns).

staltz the Martial Artist (Djinni Shapeshifter)    Turns: 16983, Time: 01:38:54

Health: 0/88       AC: 18    Str: 13    XL:     12   Next: 68%
Gold:   579        EV: 18    Int: 20    God:    Ashenzari [**....] SH:  0 Dex: 16

rFire   + +          .
                       - Unarmed
rCold   x . .        (no shield)
rNeg    . . .        y - +0 steam dragon scales
rPois   ∞            r - +0 helmet of the Esoteric Firmament {Dev, Comp} (curse)
rElec   +            n - +2 cloak of the Cursed Sage {Will+, Fort, Self} (curse)
rCorr   .            x - +0 pair of gloves
SInv    +            (boots unavailable)
Will    ++...        R - amulet of the Shackled Ethics {Regen+, Self, Bglg} (curse)
Stlth   ++           A - ring of the Muttering Priest {rElec Int+6}
HPRegen 1.14/turn    (no ring)
MPRegen 0.00/turn

%: infuse magic (-1 HP)
@: ice-armoured, flying, very slightly contaminated
A: sickness immunity, fire resistance 2, cold vulnerability 1, float, innate
caster, HP casting, extra vitality 1
a: Renounce Religion, Curse Item, Shatter the Chains


You were on level 1 of the Lair of Beasts.
You worshipped Ashenzari.
Ashenzari was pleased with you.
You visited 3 branches of the dungeon, and saw 13 of its levels.
You also visited: Ossuary and Bailey.

You collected 1801 gold pieces.
You spent 1222 gold pieces at shops.

Inventory:

Hand Weapons
 a - a +0 vampiric short sword
 K - a +2 quarterstaff of chaos
 W - the +5 war axe of the Doomed Warrior {heavy, rPois rCorr}
   (You found it in a bailey)

   rPois:     It protects you from poison rCorr: It protects you from acid and
   corrosion.
Missiles
 m - 10 curare-tipped darts
 q - 67 stones
 w - 3 atropa-tipped darts
 I - 5 datura-tipped darts (quivered)
 V - a throwing net
Armour
 l - a +0 kite shield
 n - the cursed +2 cloak of the Cursed Sage (worn) {Will+, Fort, Self}
   (You took it off Crazy Yiuf on level 4 of the Dungeon)

   It has a curse which improves the following skills: Fortitude: Armour and
   Shields.
   Introspection: Fighting and Spellcasting.
 r - the cursed +0 helmet of the Esoteric Firmament (worn) {Dev, Comp}
   (You took it off Robin on level 2 of the Dungeon)

   It has a curse which improves the following skills: Devices: Evocations and
   Shapeshifting.
   Companions: Summonings and Necromancy.
 v - a +0 scale mail of willpower
 x - a +0 pair of gloves (worn)
 y - +0 steam dragon scales (worn)
 J - the +1 chain mail "Ceexosm" {Harm rCorr MP+9}
   (You found it in a bailey)

   MP+9:      It affects your magic capacity (+9).
   rCorr:     It protects you from acid and corrosion.
   Harm:      It increases damage dealt and taken.
Magical Staves
 i - a staff of alchemy
Jewellery
 A - the ring of the Muttering Priest (left hand) {rElec Int+6}
   (You acquired it in an ossuary)

   [ring of intelligence]

   Int+6:     It affects your intelligence (+6).
   rElec:     It insulates you from electricity.
 R - the cursed amulet of the Shackled Ethics (around neck) {Regen+, Self, Bglg}
   (You bought it in a shop on level 7 of the Dungeon)

   [amulet of regeneration]

   Regen+:    It increases your rate of health regeneration.
   It has a curse which improves the following skills: Introspection: Fighting
   and Spellcasting.
   Beguiling: Hexes and Translocations.
 Y - the ring "Giherch" {Fire Fly Dex+2 Stlth+}
   (You found it in a bailey)

   [ring of fire]

   Fire:      It enhances your fire magic.
   Dex+2:     It affects your dexterity (+2).
   rF+:       It protects you from fire.
   rC-:       It makes you vulnerable to cold.
   Fly:       It grants you flight.
   Stlth+:    It makes you more stealthy.
Talismans
 c - a beast talisman
 d - a flux talisman
 H - a maw talisman
Wands
 u - a wand of quicksilver (3)
 F - a wand of polymorph (9)
 G - a wand of flame (21)
 P - a wand of digging (10)
 Q - a wand of charming (21)
 T - a wand of mindburst (17)
Scrolls
 e - 2 scrolls of butterflies
 f - 3 scrolls of fog
 g - a scroll of blinking
 j - 2 scrolls of fear
 o - a scroll of vulnerability
 p - 4 scrolls of teleportation
 s - a scroll of enchant weapon
 L - a scroll of torment
 M - 2 scrolls of revelation
 S - a scroll of immolation
 X - a scroll of poison
Potions
 b - 2 potions of lignification
 h - 7 potions of might
 k - 5 potions of heal wounds
 t - 7 potions of enlightenment
 z - 3 potions of berserk rage
 B - 3 potions of curing
 C - a potion of resistance
 D - 5 potions of haste
 E - 3 potions of attraction
 N - 3 potions of brilliance
 O - a potion of ambrosia
 U - a potion of invisibility
 Z - a potion of mutation


   Skills:
 + Level 6.9(8.7) Fighting
 - Level 0.2 Throwing
 - Level 2.6(3.6) Armour
 + Level 10.9 Dodging
 - Level 0.5 Stealth
 + Level 11.2 Unarmed Combat
 - Level 6.4(8.1) Spellcasting
 - Level 6.4 Conjurations
 - Level 6.4(7.5) Hexes
 - Level 6.4(7.5) Summonings
 - Level 6.4(7.5) Necromancy
 - Level 6.4(7.5) Translocations
 - Level 6.4 Fire Magic
 - Level 6.4 Ice Magic
 - Level 6.4 Air Magic
 - Level 6.4 Earth Magic
 - Level 6.4 Alchemy
 - Level 2.2(3.2) Evocations
 * Level 6.9(8.1) Shapeshifting


You knew the following spells:

 Your Spells              Type           Power      Damage    Failure   Level
a - Necrotise             Necr           100%       1d9       1%          1
b - Mercury Vapours       Alch/Air       66%        N/A       1%          2
c - Ozocubu's Armour      Ice            33%        N/A       1%          3
d - Animate Armour        Summ/Erth      72%        N/A       4%          4
e - Iskenderun's Battles  Conj           33%        2d9       17%         5
Your spell library was empty.

Dungeon Overview and Level Annotations

Branches:
Dungeon (11/15)            Temple (1/1) D:7            Lair (1/5) D:10
Ossuary (visited)          Bailey (visited)
    Orc: D:9-12

Altars:
Ashenzari
Cheibriados
Dithmenos
Elyvilon
Fedhas
Gozag
Hepliaklqana
Makhleb
Nemelex Xobeh
Okawaru
Qazlal
Ru
Trog
Uskayaw
Wu Jian
Xom
Yredelemnul
Zin
The Shining One

Shops:
D:7 ?!:?[=   D:11 *=

Portals:
Trove: D:10 (give +3 shadow dragon scales)

Annotations:
D:1 exclusion: downstairs
D:8 2 runed translucent doors, Guenter's ghost, novice FoFi
D:9 2 transporters, Taxman1966's ghost, journeyman DjFE
Lair:1 3 runed translucent doors, Qaf Hyos's ghost, journeyman FeSu


Innate Abilities, Weirdness & Mutations

You are immune to sickness and miasma.
You are immune to poison.
Your flesh is very heat resistant. (rF++)
You are vulnerable to cold. (rC-)
You float through the air rather than walking.
You learn spells naturally, not from books.
Your magical power is your life essence.
You have superior vitality. (+4 MHP)


Message History

The elephant tramples your animated steam dragon scales but does no damage.
The elephant trunk-slaps your animated steam dragon scales but does no damage.
Your animated steam dragon scales hits the elephant.
Your animated steam dragon scales hits the elephant but does no damage.
The elephant tramples your animated steam dragon scales.
Your animated steam dragon scales is shoved backwards!
Your animated steam dragon scales hits the elephant!
Your animated steam dragon scales hits the elephant but does no damage.
Unknown command.
The elephant tramples your animated steam dragon scales.
Your animated steam dragon scales is shoved backwards!
Your animated steam dragon scales hits the elephant.
The elephant dies!
Casting: Animate Armour (dangerous; 4% risk of failure)
Confirm with . or Enter, or press ? or * to list all spells.
You miscast Animate Armour.
You are very lightly contaminated with residual magic.
Nothing appears to happen.
* * * LOW HITPOINT WARNING * * *
Unknown command.
Casting: Animate Armour (dangerous; 4% risk of failure)
Confirm with . or Enter, or press ? or * to list all spells.
* * * LOW HITPOINT WARNING * * *
Your animated steam dragon scales disappears in a puff of smoke!
The elephant closely misses you.
The elephant trunk-slaps you but does no damage.
Unknown command.
Casting: Animate Armour (dangerous; 4% risk of failure)
Confirm with . or Enter, or press ? or * to list all spells.
A film of ice covers your body!
* * * LOW HITPOINT WARNING * * *
The elephant tramples you!
* * * LOW HITPOINT WARNING * * *
You hold your ground!
The elephant trunk-slaps you but does no damage.
Unknown command.
You punch the elephant!
The elephant is almost dead.
The elephant tramples you!
You die...

### #.# #.# #@#
#Y# #[# #.#
#########.# ###
#........§# ..##
#.........# ...#
#.........#
..######.).......#


You could see an elephant (ally target) and a friendly animated steam dragon
scales (summoned).

Vanquished Creatures
  A two-headed ogre (D:11)
  2 elephants (Lair:1)
  A cane toad (Lair:1)
  2 nameless horrors
  An unseen horror (D:11)
  A kobold demonologist (D:10)
  3 slime creatures
  A wyvern (D:8)
  2 yaks (Lair:1)
  A neqoxec (D:5)
  Edmund (D:5)
  A water moccasin (D:7)
  4 orc warriors
  2 sky beasts (D:7)
  2 ogres
  A black bear (D:10)
  3 wolves (Lair:1)
  A centaur (D:10)
  A lemure (D:8)
  4 phantoms
  5 bullfrogs
  7 scorpions
  2 wights
  4 killer bees (D:9)
  3 electric eels (D:11)
  A howler monkey (D:5)
  A jelly (D:4)
  5 orc priests
  A bombardier beetle (D:5)
  A hound (D:5)
  2 sleepcaps (D:5)
  Ijyb (D:5)
  Terence (D:3)
  2 iguanas
  3 orc wizards
  9 mummies
  Robin (D:2)
  11 gnolls
  9 adders
  A shadow imp (D:6)
  A white imp (D:6)
  2 dart slugs (D:3)
  22 orcs
  7 ball pythons
  18 bats
  7 endoplasms
  2 giant cockroaches (D:1)
  3 gnoll zombies (Ossuary)
  27 goblins
  11 hobgoblins
  4 jackals (D:4)
  16 kobolds
  4 quokkas
  5 frilled lizards
  2 hobgoblin zombies (Ossuary)
  A kobold zombie (Ossuary)
  2 orc zombies (Ossuary)
  6 rats
245 creatures vanquished.

Vanquished Creatures (collateral kills)
  2 two-headed ogres (D:11)
  Sonja (D:10)
  Pikel (D:8)
  3 elephants (Lair:1)
  Maggie (D:8)
  A rime drake (Lair:1)
  A cane toad (Lair:1)
  A kobold demonologist (D:7)
  A troll (D:10)
  A hornet (D:9)
  3 slime creatures (D:10)
  10 yaks
  2 wyverns
  2 vampire mosquitoes (D:11)
  An acid dragon (D:11)
  2 water moccasins (D:11)
  3 orc warriors
  3 black bears
  2 wolves (Lair:1)
  A lemure (D:8)
  4 gnoll sergeants
  3 bullfrogs (Lair:1)
  9 wights
  7 killer bees (D:9)
  Crazy Yiuf (D:4)
  A gnoll bouda (D:7)
  An iguana (D:6)
  A nameless horror (D:8)
  11 gnolls
  An adder (D:11)
  14 orcs
  3 hobgoblins (Bailey)
  A kobold (Bailey)
  A ball python (D:11)
100 creatures vanquished.

Grand Total: 345 creatures vanquished

Notes
Turn   | Place    | Note
-------+----------+-------------------------------------------
     0 | D:1      | staltz the Djinni Shapeshifter began the quest for the Orb.
     0 | D:1      | Reached XP level 1. HP: 17/17 MP: 0/0
   148 | D:1      | Reached XP level 2. HP: 22/22 MP: 0/0
   195 | D:1      | Found a faded altar of an unknown god.
   435 | D:1      | Reached XP level 3. HP: 18/27 MP: 0/0
   435 | D:1      | Learned a level 1 spell: Necrotise
   579 | D:1      | Upgraded the game from 0.32-a0-126-g9fbf7fb to
                  | 0.32-a0-127-gb477333
   832 | D:2      | Noticed Robin
  1312 | D:2      | Reached XP level 4. HP: 31/33 MP: 0/0
  2020 | D:2      | Killed Robin
  2336 | D:3      | Noticed Terence
  2444 | D:3      | Reached XP level 5. HP: 38/38 MP: 0/0
  2444 | D:3      | Learned a level 2 spell: Mercury Vapours
  2521 | D:3      | Reached skill level 4 in Unarmed Combat
  2925 | D:3      | Found a bloodstained altar of Trog.
  3086 | D:3      | Found an opulent altar of Gozag.
  3189 | D:3      | Found a hide-covered altar of Uskayaw.
  3211 | D:3      | Found a shadowy altar of Dithmenos.
  3362 | D:3      | Killed Terence
  3757 | D:3      | Reached XP level 6. HP: 40/43 MP: 0/0
  3815 | D:3      | Found a glowing silver altar of Zin.
  4289 | D:4      | Reached skill level 1 in Armour
  4822 | D:4      | Reached skill level 5 in Unarmed Combat
  4909 | D:4      | Noticed an ogre
  5083 | D:4      | Reached XP level 7. HP: 31/49 MP: 0/0
  5083 | D:4      | Learned a level 3 spell: Ozocubu's Armour
  5286 | D:4      | Found a runed translucent door.
  5287 | D:4      | Noticed Crazy Yiuf
  5341 | D:5      | Entered Level 5 of the Dungeon
  5387 | D:4      | Reached skill level 1 in Spellcasting
  5387 | D:4      | Reached skill level 1 in Conjurations
  5387 | D:4      | Reached skill level 1 in Hexes
  5387 | D:4      | Reached skill level 1 in Summonings
  5387 | D:4      | Reached skill level 1 in Necromancy
  5387 | D:4      | Reached skill level 1 in Translocations
  5387 | D:4      | Reached skill level 1 in Fire Magic
  5387 | D:4      | Reached skill level 1 in Ice Magic
  5387 | D:4      | Reached skill level 1 in Air Magic
  5387 | D:4      | Reached skill level 1 in Earth Magic
  5387 | D:4      | Reached skill level 1 in Alchemy
  5658 | D:5      | Found a sand-covered staircase.
  5682 | Ossuary  | Entered an ossuary
  5719 | Ossuary  | Upgraded the game from 0.32-a0-127-gb477333 to
                  | 0.32-a0-128-g77eb882
  5810 | Ossuary  | Identified 2 scrolls of acquirement
  5810 | Ossuary  | Acquired the ring of the Muttering Priest {rElec Int+6}
  6119 | Ossuary  | Reached skill level 6 in Unarmed Combat
  6699 | D:5      | Reached XP level 8. HP: 53/55 MP: 0/0
  6727 | D:5      | Noticed Ijyb
  6780 | D:5      | Killed Ijyb
  6866 | D:5      | Found a glowing golden altar of the Shining One.
  6927 | D:5      | Noticed Grinder
  6975 | D:4      | Upgraded the game from 0.32-a0-128-g77eb882 to
                  | 0.32-a0-131-g9dbbe29
  7209 | D:5      | You are sucked into a shaft and drop 2 floors!
  7668 | D:5      | Grinder changed into Grinder the hell beast
  7668 | D:5      | Noticed Grinder
  7670 | D:5      | Grinder the hell beast changed into Grinder the neqoxec
  7670 | D:5      | Noticed Grinder
  7686 | D:5      | Killed Grinder the neqoxec
  7687 | D:5      | Reached skill level 1 in Evocations
  7968 | D:5      | Found a hazy altar of Hepliaklqana.
  7968 | D:5      | Noticed Edmund
  7970 | D:5      | Found a faded altar of an unknown god.
  8009 | D:5      | Killed Edmund
  8307 | D:5      | Found a basalt altar of Yredelemnul.
  8356 | D:5      | Reached XP level 9. HP: 51/59 MP: 0/0
  8356 | D:5      | Learned a level 4 spell: Animate Armour
  8697 | D:4      | Killed Crazy Yiuf
  9628 | D:6      | Reached skill level 5 in Dodging
  9937 | D:7      | Reached skill level 7 in Unarmed Combat
  9979 | D:7      | Found a staircase to the Ecumenical Temple.
  9986 | Temple   | Entered the Ecumenical Temple
  9994 | Temple   | Became a worshipper of Ashenzari the Shackled
 10208 | D:7      | Noticed a kobold demonologist
 10222 | D:7      | Noticed an ice devil
 10227 | D:7      | Killed a kobold demonologist
 10256 | D:7      | Reached XP level 10. HP: 37/67 MP: 0/0
 10391 | D:7      | Found a snail-covered altar of Cheibriados.
 10504 | D:7      | Found Togexer's Book Boutique.
 10505 | D:7      | Found Otricek's Distillery.
 10506 | D:7      | Found Ojollias's Jewellery Emporium.
 10507 | D:7      | Found Oshosi's Armour Emporium.
 10507 | D:7      | Found Puegh's Magic Scroll Boutique.
 10527 | D:7      | Bought a potion of haste for 120 gold pieces
 10527 | D:7      | Bought a potion of curing for 36 gold pieces
 10561 | D:7      | Bought an amulet of regeneration for 360 gold pieces
 10642 | D:7      | Found Jeup's Magic Scroll Boutique.
 10649 | D:7      | Bought a scroll of identify for 28 gold pieces
 10649 | D:7      | Bought a scroll of identify for 28 gold pieces
 10649 | D:7      | Bought a scroll of identify for 28 gold pieces
 10904 | D:7      | Noticed a nameless horror
 10987 | D:7      | Killed a nameless horror
 11058 | D:8      | Reached skill level 8 in Unarmed Combat
 11287 | D:8      | Upgraded the game from 0.32-a0-131-g9dbbe29 to
                  | 0.32-a0-132-g2d33c3c
 11562 | D:8      | Noticed Maggie
 11593 | D:8      | Killed Maggie
 11634 | D:8      | Noticed Pikel
 11652 | D:8      | Killed Pikel
 11653 | D:8      | Reached skill level 5 in Spellcasting
 11653 | D:8      | Reached skill level 5 in Conjurations
 11653 | D:8      | Reached skill level 5 in Hexes
 11653 | D:8      | Reached skill level 5 in Summonings
 11653 | D:8      | Reached skill level 5 in Necromancy
 11653 | D:8      | Reached skill level 5 in Translocations
 11653 | D:8      | Reached skill level 5 in Fire Magic
 11653 | D:8      | Reached skill level 5 in Ice Magic
 11653 | D:8      | Reached skill level 5 in Air Magic
 11653 | D:8      | Reached skill level 5 in Earth Magic
 11653 | D:8      | Reached skill level 5 in Alchemy
 11740 | D:8      | Found a large runed translucent door.
 11740 | D:8      | Found a large runed translucent door.
 11742 | D:8      | Noticed Guenter's ghost (novice FoFi)
 11782 | D:8      | Upgraded the game from 0.32-a0-132-g2d33c3c to
                  | 0.32-a0-134-gc02fa2a
 11782 | D:8      | Upgraded the game from 0.32-a0-134-gc02fa2a to
                  | 0.32-a0-135-g14f8b2e
 11977 | D:8      | Found an iron altar of Okawaru.
 12112 | D:8      | Found a burning altar of Makhleb.
 12257 | D:9      | Found a transporter.
 12270 | D:9      | Found a transporter.
 12397 | D:9      | Reached skill level 9 in Unarmed Combat
 12533 | D:9      | Reached XP level 11. HP: 58/75 MP: 0/0
 12533 | D:9      | Learned a level 5 spell: Iskenderun's Battlesphere
 12730 | D:9      | Noticed Taxman1966's ghost (journeyman DjFE)
 12913 | D:7      | Bought a scroll of identify for 28 gold pieces
 12913 | D:7      | Bought a scroll of identify for 28 gold pieces
 12913 | D:7      | Bought a scroll of identify for 28 gold pieces
 12913 | D:7      | Bought a scroll of poison for 56 gold pieces
 13079 | D:9      | Found a blossoming altar of Fedhas.
 13297 | D:9      | Found an ornate altar of the Wu Jian Council.
 13331 | D:9      | Reached skill level 5 in Fighting
 13371 | D:9      | Reached * piety under Ashenzari
 13375 | D:9      | Acquired 867 gold pieces
 13488 | D:7      | Bought a scroll of blinking for 105 gold pieces
 14061 | D:10     | Entered Level 10 of the Dungeon
 14080 | D:10     | Noticed Sonja
 14090 | D:10     | Killed Sonja
 14108 | D:10     | Found a flagged portal.
 14125 | Bailey   | Entered a bailey
 14299 | Bailey   | Identified the +1 chain mail "Ceexosm" {Harm rCorr MP+9}
 14379 | Bailey   | Identified the +5 war axe of the Doomed Warrior {heavy,
                  | rPois rCorr}
 14386 | Bailey   | Identified the ring "Giherch" {Fire Fly Dex+2 Stlth+}
 14568 | D:10     | Reached skill level 5 in Shapeshifting
 14568 | D:10     | Found a staircase to the Lair.
 14673 | D:10     | Found a portal to a secret trove of treasure.
 15383 | D:11     | Found Becw's Serpentskin Sales.
 15452 | D:11     | Found a frozen archway.
 15494 | D:11     | Noticed a two-headed ogre
 15494 | D:11     | Identified the +8 whip of Purpose {flame, rN+ Str+4}
 15517 | D:11     | Killed a two-headed ogre
 15559 | D:11     | Reached ** piety under Ashenzari
 15593 | D:11     | Noticed a two-headed ogre
 15596 | D:11     | Noticed a two-headed ogre
 15641 | D:11     | Killed a two-headed ogre
 15680 | D:11     | Identified the cursed +2 cloak of the Cursed Sage {Will+,
                  | Fort, Self} (You took it off Crazy Yiuf on level 4 of the
                  | Dungeon)
 15680 | D:11     | Identified the cursed +0 helmet of the Esoteric Firmament
                  | {Dev, Comp} (You took it off Robin on level 2 of the
                  | Dungeon)
 15714 | D:11     | Found Zyott's Jewellery Shoppe.
 15721 | D:11     | Reached XP level 12. HP: 75/87 MP: 0/0
 15745 | D:11     | Killed a two-headed ogre
 15746 | D:11     | Reached skill level 10 in Unarmed Combat
 15988 | D:7      | Bought a scroll of blinking for 105 gold pieces
 15988 | D:7      | Bought a scroll of fog for 56 gold pieces
 15990 | D:7      | Bought a potion of haste for 120 gold pieces
 15990 | D:7      | Bought a potion of might for 48 gold pieces
 15990 | D:7      | Bought a potion of might for 48 gold pieces
 16534 | D:10     | Reached skill level 10 in Dodging
 16603 | Lair:1   | Entered Level 1 of the Lair of Beasts
 16646 | Lair:1   | Found a runed translucent gate.
 16647 | Lair:1   | Found a runed translucent gate.
 16647 | Lair:1   | Noticed Qaf Hyos's ghost (journeyman FeSu)
 16648 | Lair:1   | Found a runed translucent gate.
 16938 | Lair:1   | Reached skill level 11 in Unarmed Combat
 16983 | Lair:1   | Slain by an elephant

Illustrated notes

Levels and vault maps discovered:
D:1:      lightli_arrival_noodles, layout_loops_ring,
          nicolae_ecumenical_snake_handling
D:2:      layout_basic, serial_co_window_serial, co_window_paths_b,
          co_window_paths_b, co_window_corner_a, co_window_corner_a,
          co_window_paths_b, co_window_paths_a, co_window_corner_b,
          co_window_2corner, co_window_corner_b, co_window_2corner,
          co_window_4corner_b, glass_columns_b, glass_columns_b,
          glass_columns_a, glass_columns_a, glass_columns_b, uniq_robin
D:3:      layout_loops_ring, lemuel_round_altar,
          nicolae_overflow_quartered_altars,
          nicolae_dithmenos_through_a_glass_darkly, uniq_terence
D:4:      layout_basic, mainiacjoe_overflow_alcove_1, minivault_1,
          roderic_batcave, minmay_ogre_servants, uniq_crazy_yiuf_cottage
D:5:      layout_basic, mainiacjoe_overflow_catwalk,
          beargit_hepliaklqana_dungeon_heroes, mainiacjoe_overflow_boulevard,
          gup_ossuary_entry_pyramid, uniq_ijyb, uniq_grinder
D:6:      layout_rooms
D:7:      layout_basic, cheibriados_altar_1,
          minmay_temple_entry_statues_pillars, serial_shops, kennysheep_mini,
          nicolae_wooded_promenade, kennysheep_generic_room_2
D:8:      layout_loops_corners, mainiacjoe_overflow_brackets,
          kennysheep_little_box, ebering_ghost_disaster_area, uniq_pikel,
          uniq_maggie
D:9:      layout_loops_ring, lemuel_tele_altar, lemuel_doored_altar,
          gammafunk_ghost_stat_death
D:10:     layout_roguey, david_lair_generic, special_room [special_room_orc],
          enter_bailey_3, nicolae_trove_entry_crystal, uniq_sonja
D:11:     layout_loops_ring, portal_ice_cave_entry_pillars_1,
          kennysheep_another_room, nicolae_inconvenience_store,
          minmay_misc_feat_columns, grunt_decor_arrowhead, guppyfry_shop_venom
Temple:   nicolae_temple_little_seven
Lair:1:   layout_roguey, gammafunk_ghost_ooze

Skill      XL: |  1  2  3  4  5  6  7  8  9 10 11 12 |
---------------+-------------------------------------+-----
Shapeshifting  | 3 4 6 |  6.9
Fighting       | 2 3 4 6 |  6.9
Dodging        | 3 6 8 9 10 | 10.9
Unarmed Combat | 4 5 6 7 9 11 | 11.2
Armour         | 1 2 |  2.6
Spellcasting   | 1 4 5 6 |  6.4
Conjurations   | 1 4 5 6 |  6.4
Hexes          | 1 4 5 6 |  6.4
Summonings     | 1 4 5 6 |  6.4
Necromancy     | 1 4 5 6 |  6.4
Translocations | 1 4 5 6 |  6.4
Fire Magic     | 1 4 5 6 |  6.4
Ice Magic      | 1 4 5 6 |  6.4
Air Magic      | 1 4 5 6 |  6.4
Earth Magic    | 1 4 5 6 |  6.4
Alchemy        | 1 4 5 6 |  6.4
Evocations     | 2 |  2.2
Throwing       | |  0.2
Stealth        | |  0.5

Action                     |  1- 3 |  4- 6 |  7- 9 | 10-12 || total
---------------------------+-------+-------+-------+-------++-------
  Melee: Unarmed           |   103 |   281 |   337 |   260 ||   981
         Punch             |       |     5 |    33 |    34 ||    72
  Throw: Stone             |       |    15 |    15 |       ||    30
         Dart              |       |       |     4 |     7 ||    11
   Cast: Ozocubu's Armour  |       |       |    13 |    22 ||    35
         Mercury Vapours   |       |       |    26 |   127 ||   153
         Necrotise         |       |       |    30 |   127 ||   157
         Animate Armour    |       |       |     6 |    55 ||    61
         Iskenderun's Batt |       |       |       |     3 ||     3
 Invoke: Curse Item        |       |       |       |     3 ||     3
  Evoke: Wand              |       |     1 |    14 |     7 ||    22
    Use: Scroll            |       |       |     7 |    12 ||    19
         Potion            |       |       |     2 |     1 ||     3
   Stab: Sleeping          |     3 |     3 |       |       ||     6
         Distracted        |       |       |       |     3 ||     3
 Armour: Animal skin       |    54 |    42 |       |       ||    96
         Scale mail        |       |   139 |    41 |       ||   180
         Skin              |       |       |     8 |     3 ||    11
         Ring mail         |       |       |   141 |    43 ||   184
         Steam dragon scal |       |       |       |   216 ||   216
  Dodge: Dodged            |    50 |   150 |   146 |   346 ||   692
  Block: Kite shield       |    10 |     2 |       |       ||    12
   Form: Beast             |     1 |       |     1 |       ||     2
                           |       |     1 |     1 |       ||     2
         Flux              |       |       |     1 |       ||     1

Table legend: (Time is in decaauts)
 A = Elapsed time spent in this place.
 B = Non-inter-level travel time spent in this place.
 C = Inter-level travel time spent in this place.
 D = Time resting spent in this place.
 E = Time spent auto-exploring this place.
 F = Levels seen in this place.
 G = Mean time per level.
                   A        B        C        D        E       F      G
               +--------+--------+--------+--------+--------+-----+--------+
         Total |  16896 |  15201 |   1695 |   3423 |   7703 |  15 | 1126.4 |
       Dungeon |  15165 |  13477 |   1688 |   2876 |   7284 |  11 | 1378.6 |
        Temple |     16 |     10 |      6 |      0 |      0 |   1 |   16.0 |
          Lair |    366 |    366 |      0 |      0 |    147 |   1 |  366.0 |
       Ossuary |    962 |    962 |      0 |    478 |    180 |   1 |  962.0 |
        Bailey |    384 |    384 |      0 |     69 |     92 |   1 |  384.0 |
               +--------+--------+--------+--------+--------+-----+--------+

Top non-repeatable levels by time:
     D:4: 1798 daAuts
     D:5: 1777 daAuts
     D:2: 1737 daAuts
     D:9: 1569 daAuts
     D:3: 1481 daAuts
     D:7: 1447 daAuts
     D:8: 1415 daAuts
     D:6: 1138 daAuts
    D:10: 999 daAuts
 Ossuary: 962 daAuts
     D:1: 901 daAuts
    D:11: 899 daAuts
  Bailey: 384 daAuts
  Lair:1: 366 daAuts
  Temple: 16 daAuts
